 Dungeon Crawl Stone Soup version 0.25-a0-614-g73ad250637 (webtiles) character file.

Game seed: 15898490177054539968, levelgen mode: deterministic

58 n0claF the Ducker (level 3, 0/36 HPs)
             Began as a Troll Fighter on Mar 17, 2020.
             Succumbed to Crazy Yiuf's poison
             ... on level 2 of the Dungeon.
             The game lasted 00:03:04 (1409 turns).

n0claF the Ducker (Troll Fighter)                   Turns: 1409, Time: 00:03:04

Health: 0/36       AC:  6    Str: 25    XL:     3   Next: 76%
Magic:  2/2        EV:  8    Int:  4    God:
Gold:   106        SH:  8    Dex:  9    Spells: 2/2 levels left

rFire    . . .     SeeInvis .   a - +0 war axe
rCold    . . .     Gourm    +   c - +0 kite shield
rNeg     . . .     Faith    .   b - +0 robe
rPois    .         Spirit   .   (helmet restricted)
rElec    .         Reflect  .   (no cloak)
rCorr    .         Harm     .   (gloves unavailable)
MR       .....                  (boots unavailable)
Stlth    +.........             (no amulet)
HPRegen  0.52/turn              (no ring)
MPRegen  0.08/turn              (no ring)

@: mighty, lethally poisoned (0 -> -5), slowed, very slow
A: large, unfitting armour, claws 3, fast metabolism 3, gourmand, regeneration
1, shaggy fur 1, tough skin 3
a: no special abilities


You were on level 2 of the Dungeon.
You were completely stuffed.

You visited 1 branch of the dungeon, and saw 2 of its levels.

You collected 106 gold pieces.

Inventory:

Hand Weapons
 a - a +0 war axe (weapon)
Armour
 b - a +0 robe (worn)
 c - a +0 kite shield (worn)
Jewellery
 i - an uncursed amulet of guardian spirit {unknown}
   (You found it on level 1 of the Dungeon)
Scrolls
 f - a scroll of noise {unknown}
 g - 4 scrolls of identify {unknown}
 j - a scroll of enchant armour {unknown}
 k - 3 scrolls of blinking {unknown}
 m - a scroll of immolation {unknown}
Potions
 h - a potion of cancellation {unknown}
 n - a potion of flight {unknown}
 o - 3 potions of curing {unknown}
Comestibles
 e - 5 rations {!d}
 l - 5 chunks of flesh


   Skills:
 + Level 2.8 Fighting
 * Level 2.6 Axes
 + Level 2.9 Dodging
 - Level 2.4 Shields


You had 2 spell levels left.
You didn't know any spells.
Your spell library was empty.

Dungeon Overview and Level Annotations

Branches:
Dungeon (2/15)

Altars:
Dithmenos
Gozag
Okawaru
Sif Muna
Vehumet
Wu Jian

Annotations:
D:2 Crazy Yiuf


Innate Abilities, Weirdness & Mutations

You are too large for most types of armour.
You have claws for hands.
Your metabolism is lightning-fast.
You like to eat raw meat.
Your natural rate of healing is unusually fast.
You are covered in fur. (AC +1)
You have extremely tough skin. (AC +3)


Message History

There is a stone staircase leading down here.
You see here a stone.
Items here: ) [[ ÷÷ a +0 club; a +0 animal skin; a +0 helmet; a hobgoblin skeleton x2
You see here a stone.
You see here a +0 dagger.
You see here a bat skeleton.
Eating one of 7 chunks of flesh.
You eat one of the 7 chunks of flesh.
This raw flesh tastes great.
Crazy Yiuf shouts!
Crazy Yiuf waves his quarterstaff at you.
You open the door.
Your shield prevents you from hitting Crazy Yiuf.
You block Crazy Yiuf's attack.
You hit Crazy Yiuf. You block Crazy Yiuf's attack.
Crazy Yiuf hits you with a +2 quarterstaff of chaos.
You are poisoned.
You closely miss Crazy Yiuf.
You feel sick.
Crazy Yiuf hits you with a +2 quarterstaff of chaos!
Crazy Yiuf draws strength from your wounds!
You hit Crazy Yiuf.
You feel sick. Crazy Yiuf barely misses you.
You barely miss Crazy Yiuf.
You feel sick.
Crazy Yiuf hits you with a +2 quarterstaff of chaos.
You feel yourself slow down.
Crazy Yiuf hits you with a +2 quarterstaff of chaos.
* * * LOW HITPOINT WARNING * * *
Crazy Yiuf draws strength from your wounds!
Sorry, you're not good enough to have a special ability.
You feel very mighty all of a sudden. You block Crazy Yiuf's attack.
You are too injured to fight recklessly!
You closely miss Crazy Yiuf.
You feel sick.
Crazy Yiuf says, "Crazy?
Crazy!?
PORCUPINE!"
Crazy Yiuf hits you but does no damage. Crazy Yiuf closely misses you.
Some of the chunks of flesh in your inventory have rotted away.
You barely miss Crazy Yiuf.
You feel sick.
Crazy Yiuf hits you with a +2 quarterstaff of chaos!
* * * LOW HITPOINT WARNING * * *
You are more poisoned.
Crazy Yiuf laughs, "Shower sing turtle!"
Crazy Yiuf hits you with a +2 quarterstaff of chaos.
* * * LOW HITPOINT WARNING * * *
Crazy Yiuf burns you.
* * * LOW HITPOINT WARNING * * *
Your shield prevents you from hitting Crazy Yiuf.
* * * LOW HITPOINT WARNING * * *
You feel very sick. You block Crazy Yiuf's attack.
Crazy Yiuf barely misses you.
You slash Crazy Yiuf!
You die...

#.###..........###.#.#
#.###......#.#.....#.#
#....(....###........#
########### ##.#######
#.# # ♣♣♣♣♣##.## # ###
♣♣♣.♣...#..# #
#...#♣..♣.......# #
#...g@♣♣♣♣......# #
#)..#♣♣ ♣♣..#.## # ###
♣♣#### # #


You could see Crazy Yiuf.

Vanquished Creatures
  Robin (D:2)
  A dart slug (D:1)
  5 bats
  5 giant cockroaches
  10 goblins
  8 hobgoblins
  A frilled lizard (D:1)
  5 kobolds
  4 rats
40 creatures vanquished.

Notes
Turn   | Place    | Note
-------+----------+-------------------------------------------
     0 | D:1      | n0claF the Troll Fighter began the quest for the Orb.
     0 | D:1      | Reached XP level 1. HP: 22/22 MP: 0/0
   121 | D:1      | Reached XP level 2. HP: 29/29 MP: 1/1
   747 | D:2      | Reached XP level 3. HP: 34/36 MP: 2/2
   902 | D:2      | Found a runed translucent door.
   903 | D:2      | Noticed Crazy Yiuf
  1068 | D:2      | Found an ornate altar of the Wu Jian Council.
  1068 | D:2      | Found a shimmering blue altar of Sif Muna.
  1189 | D:2      | Noticed Robin
  1209 | D:2      | Killed Robin
  1282 | D:2      | Found a shadowy altar of Dithmenos.
  1282 | D:2      | Found an iron altar of Okawaru.
  1288 | D:2      | Found a faded altar of an unknown god.
  1290 | D:2      | Found an opulent altar of Gozag.
  1293 | D:2      | Found a radiant altar of Vehumet.
  1409 | D:2      | Succumbed to Crazy Yiuf's poison

Levels and vault maps discovered:
D:1:      dpeg_arrival_stone_temple_mockup, layout_basic, patterned_corridor
D:2:      layout_loops_cross, chequers_temple_overflow_minitemple,
          gammafunk_temple_overflow_elements, uniq_robin,
          uniq_crazy_yiuf_cottage

Skill      XL: |  1 |
---------------+----+-----
Axes           | 2 |  2.6
Fighting       | |  2.8
Dodging        | |  2.9
Shields        | |  2.4

Action                   || total
-------------------------++-------
Melee: War axe           ||   128
  Use: Potion            ||     1
  Eat: Chunk             ||    19
Armor: Robe              ||    69
Dodge: Dodged            ||    52
Block: Kite shield       ||    79

Table legend:
 A = Non-vault XP
 B = Vault XP
 C = Vault XP percentage of total XP
 D = Non-vault monster count
 E = Vault monster count
 F = Vault count percentage of total count
                 A         B        C        D         E       F
            +---------+---------+-------+---------+---------+-------
      Total |      57 |      27 |  32.1 |      33 |       7 |  17.5
            +---------+---------+-------+---------+---------+-------
        D:1 |      37 |       0 |   0.0 |      21 |       0 |   0.0
        D:2 |      20 |      27 |  57.4 |      12 |       7 |  36.8
            +---------+---------+-------+---------+---------+-------
